 Dungeon Crawl Stone Soup version 0.17.0-9-g801d43b (console) character file.

44 gw the Gusty (level 3, -3/28 HPs)
             Began as a Minotaur Air Elementalist on Nov 10, 2015.
             Slain by an adder (5 damage)
             ... on level 2 of the Dungeon.
             The game lasted 00:01:43 (2282 turns).

gw the Gusty (Minotaur Air Elementalist)            Turns: 2282, Time: 00:01:43

Health: -3/28      AC:  3    Str: 12    XL:     3   Next: 41%
Magic:  1/5        EV: 12    Int: 13    God:
Gold:   70         SH:  0    Dex: 10    Spells: 3 memorised, 1 level left

rFire  . . .     SeeInvis .     b - +0 whip
rCold  . . .     Clarity  .     a - +0 robe
rNeg   . . .     SustAt   .     (no shield)
rPois  .         Gourm    .     (helmet restricted)
rElec  .         Spirit   .     c - +0 cloak
rCorr  .         Warding  .     (no gloves)
rMut   .         Stasis   .     (no boots)
MR     .....                    (no amulet)
Stlth  +.........               (no ring)
                                (no ring)

@: lethally poisoned (-3 -> -16), repel missiles, not resistant to hostile
enchantments, very unstealthy
A: retaliatory headbutt, horns 2
a: no special abilities


You were on level 2 of the Dungeon.
You were not hungry.

You visited 1 branch of the dungeon, and saw 2 of its levels.

You collected 70 gold pieces.

Inventory:

Hand Weapons
 b - a +0 whip (weapon)
Missiles
 e - 14 stones (quivered)
 f - 15 poisoned needles
Armour
 a - a +0 robe (worn)
 c - a +0 cloak (worn)
Books
 d - a book of Air

   Spells                             Type                      Level
   a - Shock                          Conjuration/Air              1
   b - Swiftness                      Charms/Air                   2
   c - Repel Missiles                 Charms/Air                   2
   d - Static Discharge               Conjuration/Air              3
   e - Lightning Bolt                 Conjuration/Air              5


   Skills:
 + Level 1.4 Fighting
 + Level 1.2 Maces & Flails
 + Level 0.5 Armour
 - Level 2.1 Dodging
 - Level 1.5 Stealth
 * Level 2.0 Spellcasting
 - Level 0.6 Conjurations
 + Level 2.4 Air Magic


You had one spell level left.
You knew the following spells:

 Your Spells              Type           Power        Failure   Level  Hunger
a - Shock                 Conj/Air       #...         14%         1    ##.....
b - Swiftness             Chrm/Air       #.......     24%         2    ###....
c - Repel Missiles        Chrm/Air       #.....       24%         2    ###....


Dungeon Overview and Level Annotations

Branches:
Dungeon (2/15)

Altars:


Innate Abilities, Weirdness & Mutations

You reflexively headbutt those who attack you in melee.
You have a pair of horns on your head.


Message History

The adder bites you.
You are more poisoned.
The adder poisons you!
Unknown command.
Unknown command.
Unknown command.
Unknown command.
ATTACKING (0,1)
You miss the adder.
The adder is lightly wounded.
You feel sick. The adder closely misses you.
Unknown command.
Unknown command.
Unknown command.
Unknown command.
ATTACKING (0,1)
You hit the adder but do no damage. Your headbutt misses the adder.
The adder is lightly wounded.
You feel sick. The adder barely misses you. The adder bites you.
You die...

## ... #####
..##...# .....#
#...# #H# #S#
#w# #.#
########.######
.?..............
#######.########
#.# #.#


You could see a worm and an adder.

Table legend:
 A = Turns spent in this place as a percentage of turns spent in the entire game.
 B = Non-inter-level travel turns spent in this place as a percentage of non-inter-level travel turns spent in the entire game.
 C = Inter-level travel turns spent in this place as a percentage of turns spent in this place.
 D = Turns resting spent in this place as a percentage of non-inter-level travel turns spent in this place.
 E = Turns spent auto-exploring this place as a percentage of non-inter-level travel turns spent in this place.
 F = Non-inter-level travel turns spent in this place divided by the number of levels of this place that you've seen.
                   A       B       C       D       E      F
               +-------+-------+-------+-------+-------+----------------------
         Total | 100.0 | 100.0 |   0.5 |   2.6 |   1.9 | 1188.0
       Dungeon | 100.0 | 100.0 |   0.5 |   2.6 |   1.9 | 1188.0
               +-------+-------+-------+-------+-------+----------------------

Table legend:
 A = Kills in this place as a percentage of kills in entire the game.
 B = Kills by you in this place as a percentage of kills by you in the entire game.
 C = Kills by friends in this place as a percentage of kills by friends in the entire game.
 D = Other kills in this place as a percentage of other kills in the entire game.
 E = Experience gained in this place as a percentage of experience gained in the entire game.
 F = Experience gained in this place divided by the number of levels of this place that you have seen.
                   A       B       C       D       E      F
               +-------+-------+-------+-------+-------+----------------------
         Total | 100.0 | 100.0 |  -nan |  -nan | 100.0 |  32.0
       Dungeon | 100.0 | 100.0 |  -nan |  -nan | 100.0 |  32.0
               +-------+-------+-------+-------+-------+----------------------

Vanquished Creatures
  2 adders (D:2)
  A worm (D:1)
  A giant gecko (D:1)
  2 giant cockroaches (D:1)
  4 goblins (D:1)
  3 hobgoblins
  6 kobolds
  A bat (D:1)
  2 rats (D:1)
22 creatures vanquished.

Notes
Turn   | Place    | Note
--------------------------------------------------------------
     0 | D:1      | gw the Minotaur Air Elementalist began the quest for the Orb.
     0 | D:1      | Reached XP level 1. HP: 14/14 MP: 1/1
   596 | D:1      | Reached XP level 2. HP: 20/20 MP: 1/3
   624 | D:1      | Learned a level 2 spell: Swiftness
  1437 | D:1      | Reached skill level 1 in Fighting
  1853 | D:2      | Reached skill level 1 in Maces & Flails
  1853 | D:2      | Reached XP level 3. HP: 14/28 MP: 1/4
  2009 | D:2      | Learned a level 2 spell: Repel Missiles
  2212 | D:2      | Found a faded altar to an unknown god.
  2282 | D:2      | Slain by an adder

Action                   || total
-------------------------++-------
Melee: Whip              ||    46
Throw: Stone             ||    45
 Cast: Shock             ||    44
       Repel Missiles    ||     1
  Eat: Chunk             ||     4
       Bread ration      ||     1

Vault maps used:
D:1:      dpeg_arrival_central, roderic_roman_lattice, minmay_misc_feat_doors
D:2:      lemuel_round_altar, ecumenical_altar_2
